[Event "TOP 12 Feminin 2023 Phase 1"]
[Site "MULHOUSE, France"]
[Date "2023.05.20"]
[Round "3.18"]
[White "AFRAOU, Anaelle"]
[Black "NAVROTESCU, Andreea"]
[Result "1-0"]
[ECO "A07"]
[WhiteElo "2118"]
[BlackElo "2252"]
[PlyCount "67"]
[EventDate "2023.??.??"]
[WhiteTeam "Juvisy sur Orge"]
[BlackTeam "Mulhouse"]
[TimeControl "90+30"]

1. Nf3 {3} d5 {10} 2. g3 {7} g6 {8} 3. Bg2 {16} Bg7 {7} 4. O-O {10} e5 {11} 5.
d3 {9} Ne7 {86} 6. e4 {66} Nbc6 {93} 7. exd5 {111} Nxd5 {15} 8. Re1 {77} O-O {
15} 9. Nc3 {39} Nde7 {511} 10. Rb1 {19} Nf5 {197} 11. b4 {503} Nfd4 {99} 12.
Nxd4 {401} Nxd4 {87} 13. Ne4 {18} c6 {371} 14. Nc5 {666} Qc7 {62} 15. f4 {1113}
a5 {111} 16. c3 {594} Nb5 {56} 17. Ne4 {390} axb4 {69} 18. Rxb4 {210} Rxa2 {60}
19. fxe5 {61} Bxe5 {102} 20. d4 {31} Bg7 {27} 21. Bf4 {162} Qa5 {71} 22. Qd3 {
529} Rd8 {310} 23. Bg5 {157} Rf8 {780} 24. Be7 {137} Bf5 {433} 25. Bxf8 {146}
Bxf8 {2} 26. Nf6+ {262} Kh8 {72} 27. Qe3 {111} Nxc3 {555} 28. Rxb7 {46} Ra1 {66
} 29. Rf1 {154} Kg7 {414} 30. Ne8+ {107} Kg8 {0} 31. Rb8 {43} Rxf1+ {557} 32.
Bxf1 {7} Nd5 {12} 33. Qe5 {52} Qa7 {139} 34. Qg7+ {40} 1-0

[Event "TOP 12 Feminin 2023 Phase 1"]
[Site "MULHOUSE, France"]
[Date "2023.05.20"]
[Round "3.19"]
[White "RICHARD, Emma"]
[Black "AUVRAY, Honorine"]
[Result "1-0"]
[ECO "B31"]
[WhiteElo "2169"]
[BlackElo "2028"]
[PlyCount "79"]
[EventDate "2023.??.??"]
[WhiteTeam "Mulhouse"]
[BlackTeam "Juvisy sur Orge"]
[TimeControl "90+30"]

1. e4 {1} c5 {13} 2. Nf3 {6} Nc6 {10} 3. Bb5 {19} g6 {11} 4. O-O {41} Bg7 {68}
5. c3 {11} Nf6 {41} 6. Re1 {17} O-O {154} 7. h3 {162} Qb6 {851} 8. Bf1 {1009}
Rd8 {902} 9. c4 {294} e5 {312} 10. Nc3 {38} d6 {27} 11. d3 {574} Nd4 {297} 12.
Rb1 {611} Be6 {297} 13. Nxd4 {254} cxd4 {36} 14. Ne2 {338} Nd7 {408} 15. g4 {
800} Rf8 {319} 16. Bg2 {468} Qa6 {335} 17. Ra1 {643} b5 {100} 18. b3 {19} Rab8
{117} 19. f4 {367} exf4 {280} 20. Nxf4 {45} bxc4 {107} 21. dxc4 {432} d3 {215}
22. Be3 {389} Nc5 {16} 23. Nxd3 {136} Bxa1 {116} 24. Nxc5 {3} dxc5 {18} 25.
Qxa1 {4} f6 {187} 26. Bxc5 {31} Rf7 {5} 27. Rd1 {88} Rc8 {51} 28. Rd6 {58} Rc6
{70} 29. Rd8+ {11} Kg7 {58} 30. Bd4 {11} Qa5 {35} 31. e5 {49} f5 {24} 32. Rd6 {
77} Rxd6 {93} 33. exd6+ {4} Kg8 {14} 34. c5 {27} fxg4 {22} 35. hxg4 {69} Qb5 {
59} 36. c6 {49} Bxg4 {30} 37. Qe1 {80} Qf5 {33} 38. d7 {35} Rf8 {36} 39. Qe7 {
27} Qf7 {26} 40. Bd5 {17} 1-0

[Event "TOP 12 Feminin 2023 Phase 1"]
[Site "MULHOUSE, France"]
[Date "2023.05.20"]
[Round "3.20"]
[White "SALVADOR, Lucie"]
[Black "NEUHAUSER, Salome"]
[Result "0-1"]
[ECO "A36"]
[WhiteElo "1989"]
[BlackElo "2077"]
[PlyCount "72"]
[EventDate "2023.??.??"]
[WhiteTeam "Juvisy sur Orge"]
[BlackTeam "Mulhouse"]
[TimeControl "90+30"]

1. c4 {0} c5 {9} 2. Nc3 {5} g6 {5} 3. g3 {8} Bg7 {5} 4. Bg2 {6} Nc6 {35} 5. e3
{35} d6 {284} 6. Nge2 {160} Ne5 {470} 7. d4 {185} cxd4 {108} 8. exd4 {94} Nc6 {
21} 9. O-O {581} Nh6 {411} 10. b3 {374} Bg4 {277} 11. h3 {474} Bxe2 {52} 12.
Nxe2 {3} Nf5 {28} 13. Bb2 {10} Qb6 {39} 14. c5 {69} dxc5 {156} 15. dxc5 {12}
Qxc5 {45} 16. Bxg7 {14} Nxg7 {14} 17. Rc1 {15} Qb6 {29} 18. Bxc6+ {299} bxc6 {
304} 19. Qd4 {57} O-O {92} 20. Qxb6 {708} axb6 {8} 21. Rxc6 {8} Rxa2 {93} 22.
Nf4 {714} b5 {582} 23. Rb6 {314} Nf5 {392} 24. Rxb5 {585} Rc8 {57} 25. Nd5 {122
} Re2 {180} 26. g4 {365} Nh4 {309} 27. Rb7 {163} Kf8 {98} 28. b4 {87} Rcc2 {68}
29. b5 {60} Nf3+ {257} 30. Kg2 {126} Nd2 {35} 31. Nb4 {282} Rc4 {81} 32. Ra1 {
221} Rxb4 {25} 33. g5 {106} Rf4 {32} 34. Ra8+ {151} Kg7 {5} 35. Rbb8 {15}
Rfxf2+ {6} 36. Kg3 {32} Rf3+ {7} 0-1

[Event "TOP 12 Feminin 2023 Phase 1"]
[Site "MULHOUSE, France"]
[Date "2023.05.20"]
[Round "3.21"]
[White "DIEZ, Agathe"]
[Black "SAVINA, Anastasia"]
[Result "1/2-1/2"]
[ECO "B23"]
[WhiteElo "1902"]
[BlackElo "2342"]
[PlyCount "45"]
[EventDate "2023.??.??"]
[WhiteTeam "Bordeaux"]
[BlackTeam "Vandoeuvre"]
[TimeControl "90+30"]

1. e4 {3} c5 {261} 2. Nc3 {9} e6 {14} 3. Nge2 {11} Nc6 {36} 4. g3 {15} d5 {53}
5. exd5 {14} exd5 {4} 6. d4 {15} Bg4 {54} 7. Bg2 {12} Nxd4 {35} 8. h3 {15} Bf3
{66} 9. Kf1 {15} Qf6 {69} 10. Qd3 {30} Bxg2+ {66} 11. Kxg2 {8} Nxe2 {19} 12.
Qxe2+ {13} Ne7 {8} 13. Nb5 {58} Rd8 {142} 14. Bf4 {374} Rd7 {511} 15. Nxa7 {
1031} Qe6 {2091} 16. Rhe1 {468} Qxe2 {466} 17. Rxe2 {6} f6 {74} 18. Nc8 {339}
g5 {387} 19. Nd6+ {647} Kd8 {19} 20. Nf7+ {6} Ke8 {68} 21. Nd6+ {89} Kd8 {6}
22. Nf7+ {25} Ke8 {478} 23. Nd6+ {185} 1/2-1/2

[Event "TOP 12 Feminin 2023 Phase 1"]
[Site "MULHOUSE, France"]
[Date "2023.05.20"]
[Round "3.22"]
[White "BEREND, Elvira"]
[Black "DIEZ , Ambre"]
[Result "1-0"]
[ECO "A48"]
[WhiteElo "2255"]
[BlackElo "1966"]
[PlyCount "127"]
[EventDate "2023.??.??"]
[WhiteTeam "Vandoeuvre"]
[BlackTeam "Bordeaux"]
[TimeControl "90+30"]

1. d4 {31} Nf6 {10} 2. Nf3 {7} g6 {10} 3. Bg5 {20} Bg7 {12} 4. Nbd2 {76} d6 {
190} 5. e4 {18} c5 {95} 6. dxc5 {327} dxc5 {20} 7. Bb5+ {17} Bd7 {90} 8. Qe2 {
94} O-O {219} 9. Bxd7 {133} Qxd7 {188} 10. e5 {380} Nd5 {308} 11. Ne4 {347} Qa4
{750} 12. O-O {89} h6 {503} 13. Nxc5 {423} Qc6 {31} 14. Be3 {7} b6 {57} 15. Nd3
{92} Nxe3 {370} 16. Qxe3 {50} Nd7 {212} 17. c3 {124} Nc5 {272} 18. Nb4 {460}
Qb7 {282} 19. Nc2 {201} Rfd8 {274} 20. Ncd4 {117} Qd5 {106} 21. Rfe1 {66} Rac8
{569} 22. h4 {97} Na4 {93} 23. Re2 {71} e6 {44} 24. h5 {41} gxh5 {127} 25. Qf4
{101} b5 {57} 26. a3 {15} Nxc3 {270} 27. bxc3 {20} Rxc3 {6} 28. Rd2 {125} Qc4 {
152} 29. Rdd1 {263} a5 {116} 30. Qh4 {49} Rd5 {49} 31. Qxh5 {44} Qa4 {55} 32.
Rdc1 {777} Rdc5 {97} 33. Rxc3 {131} Rxc3 {6} 34. Rb1 {69} b4 {179} 35. axb4 {43
} axb4 {114} 36. Qh4 {142} b3 {131} 37. Nxb3 {175} Qxh4 {78} 38. Nxh4 {4} Bxe5
{6} 39. Nf3 {10} Bf4 {113} 40. Nbd4 {75} Rc4 {71} 41. Ne2 {17} Bc7 {42} 42. Rc1
{42} Re4 {61} 43. Rxc7 {21} Rxe2 {10} 44. Kf1 {8} Re4 {16} 45. Nd2 {24} Ra4 {40
} 46. Ke2 {53} Kg7 {14} 47. g3 {34} Ra5 {49} 48. Nc4 {48} Rf5 {17} 49. f4 {178}
Kg6 {38} 50. Ne5+ {92} Kg7 {27} 51. Ke3 {26} h5 {12} 52. Nf3 {56} Kg8 {35} 53.
Kf2 {80} Kg7 {16} 54. Kg2 {14} Kg8 {27} 55. Kh3 {144} Kg7 {19} 56. Ng5 {90} Kg6
{149} 57. Nf3 {30} Kg7 {18} 58. Kh4 {17} Kg6 {54} 59. Ne5+ {151} Kg7 {63} 60.
Nxf7 {88} Rxf7 {54} 61. Rxf7+ {5} Kxf7 {5} 62. Kxh5 {4} Kf6 {51} 63. g4 {6} Kg7
{20} 64. Kg5 {4} 1-0